 Dungeon Crawl Stone Soup version 0.31.0-32-g396128a36d (webtiles) character file.

Game seed: 4513696443294888863

173047 convarich the Metamorph (level 17, -2/184 HPs)
             Began as a Troll Monk on Apr 13, 2024.
             Was the Champion of Fedhas.
             Slain by a deep troll earth mage (13 damage)
             ... on level 15 of the Dungeon.
             The game lasted 00:39:45 (22680 turns).

convarich the Metamorph (Troll Monk)               Turns: 22680, Time: 00:39:46

Health: -2/184     AC: 10    Str: 25    XL:     17   Next: 42%
Magic:  0/23       EV: 10    Int:  6    God:    Fedhas [******]
Gold:   4065       SH:  0    Dex: 18    Spells: 16/16 levels left

rFire   . .          .
                       - Unarmed
rCold   + + .        (no shield)
rNeg    . . .        a - melded +1 robe
rPois   .            W - +3 hat of the Ego {Rampage Fly Str-2 Dex+6}
rElec   +            x - +0 cloak
rCorr   +            (gloves unavailable)
SInv    .            (boots unavailable)
Will    ++...        n - amulet of guardian spirit
Stlth   ++           j - ring of willpower
HPRegen 1.30/turn    r - +4 ring of protection
MPRegen 0.18/turn

%: guardian spirit, rampage
@: lethally poisoned (-2 -> -25), maw-form, flying
A: devouring maw, large, unfitting armour, claws 3, regeneration 1, shaggy fur
1, tough skin 1
a: Begin Untransformation, Renounce Religion, Wall of Briars, Grow
Ballistomycete, Overgrow, Grow Oklob


You were on level 15 of the Dungeon.
You worshipped Fedhas.
Fedhas was exalted by your worship.
You were a creature with a mouth for a stomach.
You visited 2 branches of the dungeon, and saw 20 of its levels.
You also visited: Bailey and Gauntlet.

You collected 4065 gold pieces.

Inventory:

Missiles
 M - 44 large rocks (quivered)
 S - 3 throwing nets
Armour
 a - a +1 robe (melded)
 x - a +0 cloak (worn)
 T - a +0 hat of willpower
 W - the +3 hat of the Ego (worn) {Rampage Fly Str-2 Dex+6}
   (You acquired it on level 4 of the Lair of Beasts)

   Str-2:     It affects your strength (-2).
   Dex+6:     It affects your dexterity (+6).
   Fly:       It grants you flight.
   Rampage:   It bestows one free step when moving towards enemies.
Jewellery
 c - a +5 ring of evasion
 j - a ring of willpower (left claw)
 k - a ring of resist corrosion
 l - a ring of protection from cold
 n - an amulet of guardian spirit (around neck)
 r - a +4 ring of protection (right claw)
 O - a ring of see invisible
 R - a ring of protection from fire
Talismans
 i - a beast talisman
 w - a granite talisman
 C - a serpent talisman
 F - the maw talisman of the Ladybird (active) {rElec rC++ rCorr Str-2}
   (You took it off Rupert on level 15 of the Dungeon)

   [maw talisman]

   Str-2:     It affects your strength (-2).
   rC++:      It greatly protects you from cold.
   rElec:     It insulates you from electricity.
   rCorr:     It protects you from acid and corrosion.
 L - a blade talisman
Wands
 t - a wand of flame (1)
 v - a wand of charming (9)
 K - a wand of mindburst (11)
 X - a wand of acid (9)
Scrolls
 d - 2 scrolls of teleportation
 s - 3 scrolls of poison
 u - 6 scrolls of vulnerability
 y - 3 scrolls of immolation
 z - 5 scrolls of fog
 D - 6 scrolls of enchant armour
 I - 3 scrolls of enchant weapon
 J - 4 scrolls of revelation
 N - 4 scrolls of brand weapon
 Q - 3 scrolls of fear
 Y - a scroll of blinking
Potions
 b - 2 potions of ambrosia
 e - 3 potions of resistance
 f - 8 potions of mutation
 g - 3 potions of curing
 h - 2 potions of enlightenment
 m - 3 potions of attraction
 o - 2 potions of brilliance
 p - 2 potions of cancellation
 q - 3 potions of lignification
 A - 4 potions of heal wounds
 B - 12 potions of haste
 E - 2 potions of might
 G - 4 potions of invisibility
 H - 2 potions of magic
 U - a potion of berserk rage
Miscellaneous
 P - a tin of tremorstones (2/2)
 V - a sack of spiders


   Skills:
 - Level 15.0 Fighting
 + Level 5.0 Throwing
 - Level 2.4 Dodging
 + Level 15.0 Unarmed Combat
 - Level 10.0 Invocations
 - Level 16.0 Shapeshifting


You had 16 spell levels left.
You didn't know any spells.
Your spell library contained the following spells:

 Spells                   Type           Power      Damage    Failure   Level
 Apportation              Tloc           0%         N/A       45%         1
 Kiss of Death            Conj/Necr      0%         2d5       45%         1
 Magic Dart               Conj           0%         1d3       45%         1
 Necrotise                Necr           0%         1d4       45%         1
 Shock                    Conj/Air       0%         1d3       45%         1
 Sting                    Conj/Alch      0%         1d3       45%         1
 Summon Small Mammal      Summ           0%         N/A       45%         1
 Searing Ray              Conj           0%         2d4       58%         2
 Confusing Touch          Hex            0%         N/A       83%         3
 Summon Ice Beast         Ice/Summ       0%         N/A       83%         3
 Swiftness                Air            0%         N/A       83%         3
 Airstrike                Air            0%         2d(0-16)  99%         4
 Dispel Undead            Necr           0%         3d6       99%         4
 Fulminant Prism          Conj/Alch      0%         3d5       99%         4
 Sticky Flame             Fire/Alch      0%         2d4       99%         4
 Summon Mana Viper        Hex/Summ       0%         N/A       100%        5
 Monstrous Menagerie      Summ           0%         N/A       100%        7
 Ignition                 Fire           0%         3d3       100%        8


Dungeon Overview and Level Annotations

Branches:
Dungeon (15/15)            Temple (0/1) D:6            Lair (5/5) D:8
 Shoals (0/4) Lair:2       Spider (0/4) Lair:2        Slime (0/5) Lair:4
    Orc (0/2) D:11         Vaults (0/5) D:13         Depths (0/4) D:15
 Bailey (visited)         Gauntlet (visited)

Altars:
Cheibriados
Dithmenos
Fedhas
Hepliaklqana
Kikubaaqudgha
Makhleb
Nemelex Xobeh
Okawaru
Qazlal
Ru
Trog
Uskayaw
Vehumet
Xom
Zin
The Shining One

Shops:
D:14 (:?

Portals:
Trove: D:12 (give 7 scrolls of fog)

Annotations:
D:11 exclusion: orange crystal statue


Innate Abilities, Weirdness & Mutations

You are a creature with a mouth for a stomach.
Your midsection houses a second, enormous mouth.
You are too large for most types of armour.
You have claws for hands.
Your natural rate of healing is unusually fast.
You are covered in fur. (AC +1)
You have tough skin. (AC +1)


Message History

The redback poisons you!
Unknown command.
You claw the redback! Your bite misses the redback.
The redback is severely wounded.
You feel extremely sick. The redback barely misses you.
The deep troll earth mage casts a spell next to you.
The wall shatters!
The blast of rock fragments hits you. The slime creature barely misses you.
The yaktaur captain shouts!
You hear a bellow!
Unknown command.
You scratch the redback. You claw the redback.
You devour the redback!
You feel better.
You kill the redback!
Fedhas appreciates your contribution to the ecosystem.
You feel extremely sick. The slime creature hits you.
Unknown command.
You mangle the deep troll earth mage!! You bite the deep troll earth mage!
The deep troll earth mage is severely wounded.
You feel extremely sick.
Unknown command.
You closely miss the deep troll earth mage.
Your bite misses the deep troll earth mage.
The deep troll earth mage is severely wounded.
You feel extremely sick. The slime creature hits you!
* * * LOW HITPOINT WARNING * * *
The deep troll earth mage bites you!!
* * * LOW HITPOINT WARNING * * *
The deep troll earth mage claws you!
* * * LOW HITPOINT WARNING * * *
The deep troll earth mage claws you but does no damage.
Unknown command.
You feel much better.
* * * LOW HITPOINT WARNING * * *
You feel extremely sick. The deep troll earth mage bites you!
You die...
Fedhas appreciates your contribution to the ecosystem.

##...<.<.# ≈(..#.+#.P8P..#...#..#
#.....<..##§[##..#).⌠P..#'#.#.#.#
#........##§(....'#...)..#......#
###########≈)....###.#.####.#.#.#
# §##.....#'#'######+#+## ≈§
##'..<...)..[≈#
..!##.#+.....)##$≈#
....'#.#+.((.#..?≈#
#..'#.JW(..#..§≈#
##...'.T##/$.)($≈#
#.....$###§≈≈≈≈≈≈# #.[(.c..#
§########
.....##..≈################ #...
#..≈ #.............. ##.
..§≈##..<...#...#).. #.
#..§##.>..#...#.).#. .
..[§##..<...#...#...


You could see a yaktaur captain, a slime creature and a deep troll earth mage.

Vanquished Creatures
  Rupert (D:15)
  A sphinx (D:14)
  Kirke (D:14)
  Roxanne (D:14)
  2 very ugly things (D:15)
  Nessos (Lair:5)
  A dire elephant (Lair:5)
  A minotaur (Gauntlet)
  The ghost of TerraPolaris the Grappler, a journeyman TrFi of Wu Jian (D:10)
  Josephine (D:15)
  A fire dragon (D:15)
  A yaktaur captain (D:15)
  A great orb of eyes (D:15)
  2 ice dragons (D:15)
  An ogre mage (D:15)
  4 catoblepae
  8 hydras
  4 boulder beetles
  2 dancing weapons (D:13)
  6 two-headed ogres
  8 centaur warriors
  A death scarab (Gauntlet)
  5 tengu warriors
  3 thrashing horrors (Gauntlet)
  A deep troll earth mage (D:14)
  A fire crab (D:15)
  Amaemon (Lair:3)
  5 deep elf knights
  11 skeletal warriors
  A glowing orange brain (D:15)
  A lindwurm (Lair:5)
  2 orc knights
  2 deep elf pyromancers
  6 ugly things
  14 manticores
  2 wolf spiders (Lair:5)
  7 cyclopes
  A manticore (shapeshifter) (D:14)
  2 meliai (D:15)
  2 meliai (shapeshifter)
  11 black mambas
  20 elephants
  2 gargoyles
  A guardian serpent (Lair:5)
  18 cane toads
  A smoke demon (Gauntlet)
  An ice statue (D:11)
  A torpor snail (Lair:5)
  An unseen horror (D:8)
  An orange demon (Lair:3)
  An efreet (D:15)
  A yaktaur (D:15)
  Jeremiah (D:7)
  17 rime drakes
  7 komodo dragons
  A minotaur zombie (Gauntlet)
  An ice devil (Gauntlet)
  3 freezing wraiths (D:15)
  A queen bee (shapeshifter) (D:15)
  2 tengu conjurers (D:14)
  A red devil (Gauntlet)
  A queen bee (Gauntlet)
  A troll (D:12)
  4 merfolk (Lair:2)
  5 polar bears
  Prince Ribbit (D:8)
  5 hornets
  2 tarantellas (Lair:2)
  13 blink frogs
  14 slime creatures
  A centaur simulacrum (D:14)
  6 shadows
  A vampire (D:10)
  25 wyverns
  7 wraiths
  A spectral komodo dragon (Gauntlet)
  17 basilisks
  4 hogs (D:14)
  Grum (D:8)
  73 yaks
  4 redbacks
  6 small abominations (Gauntlet)
  13 vampire mosquitoes
  35 water moccasins
  10 orc warriors
  2 black bears
  2 ice beasts
  A meliai simulacrum (D:15)
  4 laughing skulls
  2 ogres
  16 wolves
  A phantom (D:5)
  10 centaurs
  4 kobold brigands
  17 bullfrogs
  A bullfrog (shapeshifter) (D:14)
  5 scorpions
  A wight (D:8)
  6 killer bees (Gauntlet)
  4 howler monkeys
  8 electric eels
  4 crimson imps
  A bombardier beetle (D:4)
  4 hounds
  3 jellies
  2 gnoll boudas
  5 orc priests
  A sleepcap (D:4)
  Crazy Yiuf (D:3)
  7 iguanas
  9 orc wizards
  6 hell rats
  Robin (D:4)
  17 gnolls
  3 adders
  2 shadow imps
  3 white imps
  2 ufetubi (D:7)
  4 dart slugs
  2 ribbon worms
  62 orcs
  2 ball pythons
  8 endoplasms
  3 giant cockroaches
  22 goblins
  10 hobgoblins
  2 jackals (D:1)
  2 quokkas
  6 bats
  3 frilled lizards
  19 kobolds
  7 rats
767 creatures vanquished.

Notes
Turn   | Place    | Note
-------+----------+-------------------------------------------
     0 | D:1      | convarich the Troll Monk began the quest for the Orb.
     0 | D:1      | Reached XP level 1. HP: 22/22 MP: 0/0
   100 | D:1      | Reached XP level 2. HP: 29/29 MP: 1/1
   422 | D:1      | You fall into a shaft and drop 1 floor!
   464 | D:2      | Identified the +0 helmet of Indomitability {rF- Dex+6 SInv}
   537 | D:2      | Reached XP level 3. HP: 36/36 MP: 2/2
   788 | D:2      | Found a faded altar of an unknown god.
  1439 | D:3      | Found a burning altar of Makhleb.
  1440 | D:3      | Found a shimmering altar of Xom.
  1444 | D:3      | Reached XP level 4. HP: 45/45 MP: 3/3
  1473 | D:3      | Found a shadowy altar of Dithmenos.
  1548 | D:3      | Noticed an ogre
  1565 | D:3      | Killed an ogre
  1566 | D:3      | Reached skill level 5 in Unarmed Combat
  1566 | D:3      | Reached XP level 5. HP: 29/54 MP: 4/4
  2031 | D:3      | Found a runed translucent door.
  2032 | D:3      | Noticed Crazy Yiuf
  2350 | D:3      | Killed Crazy Yiuf
  2486 | D:4      | Noticed Robin
  2488 | D:4      | Reached XP level 6. HP: 55/63 MP: 5/5
  2524 | D:4      | Killed Robin
  2546 | D:4      | Found a sparkling altar of Nemelex Xobeh.
  2594 | D:4      | Got the Precepts of Phlogiston
  3074 | D:4      | Found a blossoming altar of Fedhas.
  3074 | D:4      | Found an iron altar of Okawaru.
  3075 | D:4      | Found a stormy altar of Qazlal.
  3239 | D:4      | Became a worshipper of Fedhas Madash
  3239 | D:4      | Reached * piety under Fedhas
  3239 | D:4      | Reached ** piety under Fedhas
  3266 | D:5      | Entered Level 5 of the Dungeon
  3316 | D:5      | Reached XP level 7. HP: 56/71 MP: 6/6
  3417 | D:5      | Reached skill level 5 in Fighting
  3472 | D:5      | Reached skill level 1 in Shapeshifting
  3638 | D:5      | Reached skill level 2 in Shapeshifting
  3663 | D:5      | Reached XP level 8. HP: 65/81 MP: 7/7
  3788 | D:5      | Reached skill level 3 in Shapeshifting
  4090 | D:5      | Reached skill level 4 in Shapeshifting
  4376 | D:6      | Reached *** piety under Fedhas
  4386 | D:6      | Found a hazy altar of Hepliaklqana.
  4586 | D:6      | Reached XP level 9. HP: 93/93 MP: 8/8
  4736 | D:6      | Found a staircase to the Ecumenical Temple.
  4871 | D:6      | Found a glowing golden altar of the Shining One.
  5006 | D:7      | Found a radiant altar of Vehumet.
  5191 | D:7      | Noticed Jeremiah
  5209 | D:7      | Killed Jeremiah
  5209 | D:7      | Reached **** piety under Fedhas
  5271 | D:7      | Reached skill level 5 in Shapeshifting
  5742 | D:8      | Noticed a two-headed ogre
  5787 | D:8      | Found a flagged portal.
  5799 | Bailey   | Entered a bailey
  6154 | Bailey   | Acquired 859 gold pieces
  6233 | D:8      | Reached ***** piety under Fedhas
  6258 | D:8      | Killed a two-headed ogre
  6259 | D:8      | Reached skill level 6 in Shapeshifting
  6259 | D:8      | Reached XP level 10. HP: 72/104 MP: 9/9
  6395 | D:8      | Found a staircase to the Lair.
  6417 | D:8      | Reached skill level 10 in Unarmed Combat
  6423 | D:8      | Reached skill level 7 in Shapeshifting
  6456 | D:8      | Noticed Prince Ribbit
  6469 | D:8      | Killed Prince Ribbit
  6676 | D:8      | Noticed Grum
  6707 | D:8      | Killed Grum
  6717 | D:8      | HP: 5/104 [yak (8)]
  6720 | D:8      | HP: 1/104 [yak (13)]
  7351 | D:9      | Found a sacrificial altar of Ru.
  7485 | D:9      | Noticed a two-headed ogre
  7490 | D:9      | Killed a two-headed ogre
  7491 | D:9      | Reached XP level 11. HP: 113/113 MP: 10/10
  7605 | D:9      | Found a glowing silver altar of Zin.
  7615 | D:9      | Paralysed by a hornet for 1 turns
  8233 | D:10     | Entered Level 10 of the Dungeon
  8312 | D:10     | Found a snail-covered altar of Cheibriados.
  8351 | D:10     | Paralysed by a hornet for 3 turns
  8357 | D:10     | Reached skill level 10 in Fighting
  8728 | D:10     | Found a hide-covered altar of Uskayaw.
  8749 | D:10     | Found a bloodstained altar of Trog.
  8825 | D:10     | Reached ****** piety under Fedhas
  8860 | D:10     | Found an ancient bone altar of Kikubaaqudgha.
  9097 | D:10     | Found a runed translucent gate.
  9097 | D:10     | Found a runed translucent gate.
  9097 | D:10     | Found a runed translucent gate.
  9098 | D:10     | Noticed TerraPolaris's ghost (journeyman TrFi)
  9460 | D:11     | Noticed an orange crystal statue
  9461 | D:11     | Noticed a deep elf pyromancer
  9554 | D:11     | Noticed a two-headed ogre
  9558 | D:11     | Killed a two-headed ogre
  9634 | D:11     | Found a staircase to the Orcish Mines.
  9811 | D:11     | Noticed a two-headed ogre
  9821 | D:11     | Killed a two-headed ogre
  9822 | D:11     | Reached skill level 8 in Shapeshifting
  9863 | D:11     | Noticed a two-headed ogre
  9872 | D:11     | Reached XP level 12. HP: 106/130 MP: 11/11
  9876 | D:11     | Killed a two-headed ogre
 10057 | D:11     | Found an ancient bone altar of Kikubaaqudgha.
 10385 | Lair:1   | Entered Level 1 of the Lair of Beasts
 10737 | Lair:1   | Reached skill level 9 in Shapeshifting
 10984 | Lair:1   | Reached skill level 1 in Throwing
 11645 | Lair:2   | Reached skill level 10 in Shapeshifting
 11676 | Lair:2   | Reached skill level 5 in Throwing
 11941 | Lair:2   | Reached XP level 13. HP: 139/139 MP: 12/12
 12063 | Lair:2   | Found a hole to the Spider Nest.
 12171 | Lair:2   | Reached skill level 1 in Invocations
 12521 | Lair:2   | Found a staircase to the Shoals.
 12837 | Lair:3   | Noticed Amaemon
 12857 | Lair:3   | Killed Amaemon
 12864 | Lair:3   | Reached skill level 11 in Shapeshifting
 14012 | Lair:4   | Found a gate leading to a gauntlet.
 14042 | Gauntlet | Entered a Gauntlet
 14042 | Gauntlet | Found a transporter.
 14042 | Gauntlet | Found a transporter.
 14043 | Gauntlet | Found a transporter.
 14044 | Gauntlet | Found a transporter.
 14045 | Gauntlet | Found a transporter.
 14047 | Gauntlet | Found a transporter.
 14055 | Gauntlet | Found a transporter.
 14056 | Gauntlet | Found a transporter.
 14057 | Gauntlet | Found a transporter.
 14058 | Gauntlet | Found a transporter.
 14066 | Gauntlet | Found a transporter.
 14069 | Gauntlet | Found a transporter.
 14284 | Gauntlet | Reached skill level 5 in Invocations
 14340 | Gauntlet | Identified the staff "Undertaker" {rN+ Int+4 Necro}
 14516 | Gauntlet | Identified the +0 pair of gloves of Relativism {Fly rPois
                  | rC- SInv}
 14529 | Gauntlet | Identified the +10 plate armour of Undesirable Species
                  | {rElec Regen+ rCorr}
 14529 | Gauntlet | Noticed a minotaur
 14541 | Gauntlet | Killed a minotaur
 14542 | Gauntlet | Reached XP level 14. HP: 78/148 MP: 17/17
 14641 | Gauntlet | Reached skill level 12 in Shapeshifting
 15477 | Lair:4   | Found a staircase to the Slime Pits.
 15626 | Lair:4   | Acquired the +3 hat of the Ego {Rampage Fly Str-2 Dex+6}
 15650 | Lair:5   | Entered Level 5 of the Lair of Beasts
 15651 | Lair:5   | Noticed Nessos
 15854 | Lair:5   | Reached skill level 15 in Unarmed Combat
 16016 | Lair:5   | Killed Nessos
 16756 | Lair:5   | Reached skill level 10 in Invocations
 16979 | Lair:5   | Identified the staff of Opion {rN+ Str+3 Necro}
 17148 | Lair:5   | Reached XP level 15. HP: 157/157 MP: 21/21
 17664 | D:10     | Killed TerraPolaris's ghost
 17733 | D:12     | Found a blossoming altar of Fedhas.
 17765 | D:12     | Identified the +5 hand axe "Kiqor" {venom, Int-4 Dex+5}
 18155 | D:12     | Found a portal to a secret trove of treasure.
 18589 | D:13     | Found a gate to the Vaults.
 18740 | D:13     | Reached skill level 13 in Shapeshifting
 19011 | D:13     | Identified the +6 hand axe of the Sea {freeze, Will+ MP+9}
 19692 | D:14     | Noticed a sphinx
 20103 | D:14     | Found Loro's Book Shop.
 20206 | D:14     | Found Leskiom's Antique Weapon Boutique.
 20314 | D:14     | Noticed Roxanne
 20361 | D:14     | Found Cataum's Magic Scroll Shop.
 20362 | D:14     | Noticed Kirke
 20398 | D:14     | Killed Kirke
 20419 | D:14     | Reached skill level 14 in Shapeshifting
 20419 | D:14     | Reached XP level 16. HP: 170/170 MP: 22/22
 20561 | D:14     | Killed a sphinx
 20793 | D:14     | Killed Roxanne
 20850 | D:15     | Entered Level 15 of the Dungeon
 20973 | D:15     | Reached skill level 15 in Shapeshifting
 21202 | D:15     | Reached XP level 17. HP: 180/180 MP: 21/23
 21245 | D:15     | Identified the +1 plate armour "Yrekk" {*Slow rF++ Str-5
                  | Slay+5}
 21390 | D:15     | Found a sacrificial altar of Ru.
 21390 | D:15     | Found a hide-covered altar of Uskayaw.
 21392 | D:15     | Found a shimmering altar of Xom.
 21560 | D:15     | Identified the maw talisman of the Ladybird {rElec rC++
                  | rCorr Str-2}
 21560 | D:15     | Noticed Rupert
 21568 | D:15     | Killed Rupert
 21795 | D:15     | Found a staircase to the Depths.
 22103 | D:15     | Noticed Josephine
 22120 | D:15     | Killed Josephine
 22574 | D:15     | Reached skill level 16 in Shapeshifting
 22671 | D:15     | Reached skill level 15 in Fighting
 22679 | D:15     | HP: 1/184 [deep troll earth mage (11)]
 22680 | D:15     | Slain by a deep troll earth mage

Illustrated notes

Levels and vault maps discovered:
D:1:      saegor_arrival_simple_b, layout_loops_ring
D:2:      minmay_skewed_foursquare, layout_basic, shapermc_ecumenical_altar_gd
D:3:      layout_basic, grunt_temple_overflow_champion_of_chaos,
          mainiacjoe_overflow_brackets, minmay_fractal_squares_diagonal_5,
          uniq_crazy_yiuf_cottage
D:4:      layout_cave_pods, mainiacjoe_overflow_paths,
          gammafunk_temple_overflow_claw, uniq_robin
D:5:      minmay_thinvault, layout_loops_ring
D:6:      layout_cave_pools, nicolae_hepliaklqana_hippocampus,
          lemuel_coloured_pillars_altar, temple_green, wad_floor_pattern_1,
          chequers_avenue
D:7:      layout_loops_ring, vehumet_crystals, minivault_27, uniq_jeremiah
D:8:      layout_basic, minmay_lair_entry_grove, serial_bayou,
          serial_bayou_shore_a, serial_bayou_lake_a, serial_bayou_ford_a,
          serial_bayou_pond_a, enter_bailey_3, uniq_grum, uniq_prince_ribbit1
D:9:      layout_basic, kennysheep_mini, nicolae_overflow_crystal_walls,
          minmay_misc_feat_enclosed
D:10:     minmay_evil_eye, layout_loops_corners, nicolae_uskayaw_suspiria,
          mainiacjoe_overflow_concentric_impassable,
          mainiacjoe_overflow_catch_the_wave, ebering_ghost_rock_garden
D:11:     minmay_separated_statues, layout_cave_pools, david_orc_5,
          kiku_gazebo_pond_becter
D:12:     layout_basic, nicolae_trove_entry_isolated, dreamdust_princess_bridge,
          minmay_misc_feat_chi, fedhas_altar_3
D:13:     layout_irregular_city, erik_vaults_1, minmay_variable_closet,
          minmay_misc_feat_room, grunt_ministairs_1, kennysheep_generic_room_3
D:14:     hourglass_vault, layout_rooms, serial_shops, nicolae_stop_n_shop_1,
          nicolae_shop_getting_attention, nicolae_shop_peninsula, uniq_roxanne,
          uniq_kirke
D:15:     hangedman_slaughterboxes, uniq_josephine, uniq_rupert
Lair:1:   layout_cave_pods
Lair:2:   layout_cave_pods, elwin_shoals_entry_stream, spider_nest_entry_rubble
Lair:3:   layout_cave_pods, cheibrodos_lair_lostbears, grunt_megastairs_3,
          uniq_amaemon
Lair:4:   layout_roguey [special_room_mythical_zoo], dpeg_slime_entry_enclosed,
          gauntlet_entry_generic, minivault_23, serial_bayou_pond_e, st_stairs_8
Lair:5:   hangedman_lair_tendril_chambers, layout_regular_city,
          hangedman_lair_in_review, nicolae_quartered_pool_super, uniq_nessos

Skill      XL: |  1  2  3  4  5  6  7  8  9 10 11 12 13 14 15 16 17 |
---------------+----------------------------------------------------+-----
Fighting       | 3 4 5 7 8 11 12 13 14 15 | 15.0
Unarmed Combat | 4 5 6 8 9 12 13 15 | 15.0
Shapeshifting  | 2 4 6 7 8 10 11 12 14 15 16 | 16.0
Throwing       | 5 |  5.0
Invocations    | 5 10 | 10.0
Dodging        | |  2.4

Action                     |  1- 3 |  4- 6 |  7- 9 | 10-12 | 13-15 | 16-18 || total
---------------------------+-------+-------+-------+-------+-------+-------++-------
  Melee: Unarmed           |    80 |   101 |   267 |   537 |   937 |   265 ||  2187
         Punch             |       |       |     8 |    29 |    24 |    22 ||    83
         Constrict         |       |       |       |    29 |   148 |    18 ||   195
         Maw               |       |       |       |       |       |    47 ||    47
   Fire: Arbalest          |       |       |    20 |       |       |       ||    20
  Throw: Large rock        |       |       |       |       |       |    10 ||    10
 Invoke: Overgrow          |       |       |       |       |     1 |       ||     1
  Evoke: Wand              |       |       |     1 |    10 |     7 |     4 ||    22
         Sack of spiders   |       |       |       |       |     1 |       ||     1
    Use: Scroll            |       |     8 |    12 |     4 |    15 |     1 ||    40
         Potion            |       |       |     1 |     4 |     2 |     1 ||     8
   Stab: Sleeping          |       |       |     3 |       |       |     1 ||     4
         Distracted        |       |       |       |       |     1 |       ||     1
         Petrified         |       |       |       |       |       |     2 ||     2
 Armour: Robe              |    41 |    59 |   205 |   334 |   232 |    22 ||   893
         Skin              |       |       |     8 |   110 |   671 |   295 ||  1084
  Dodge: Dodged            |    31 |    30 |   129 |   242 |   401 |    99 ||   932
   Form: Beast             |     1 |       |       |       |       |       ||     1
         Serpent           |       |       |       |     1 |       |     1 ||     2
         Blade             |       |       |       |       |     1 |       ||     1
         Maw               |       |       |       |       |       |     1 ||     1
